 Dungeon Crawl Stone Soup version 0.29-a0-341-g24ffce5b50 (webtiles) character file.

Game seed: 9861880968131136835

49 spaghetti the Vandal (level 3, -1/29 HPs)
             Began as a Demigod Hunter on Apr 20, 2022.
             Slain by Grinder (3 damage)
             ... while paralysed by Grinder
             ... on level 3 of the Dungeon.
             The game lasted 00:02:13 (1630 turns).

spaghetti the Vandal (Demigod Hunter)               Turns: 1630, Time: 00:02:14

Health: -1/29      AC:  4    Str: 12    XL:     3   Next: 33%
Magic:  9/9        EV:  2    Int: 15    God:
Gold:   18         SH:  0    Dex: 17    Spells: 7/7 levels left

rFire   . . .      SeeInvis .   a - +2 hunting sling {sling}
rCold   . . .      Faith    .   (no shield)
rNeg    . . .      Spirit   .   b - +0 leather armour
rPois   .          Reflect  .   (no helmet)
rElec   .          Harm     .   d - +0 cloak
rCorr   .          Rampage  .   (no gloves)
Will    .....                   (no boots)
Stlth   ++........              (no amulet)
HPRegen 0.09/turn               (no ring)
MPRegen 0.11/turn               (no ring)

@: paralysed
A: high MP 1, forlorn, divine attributes
a: no special abilities


You were on level 3 of the Dungeon.
You visited 1 branch of the dungeon, and saw 3 of its levels.

You collected 115 gold pieces.
You spent 97 gold pieces at shops.


Innate Abilities, Weirdness & Mutations

You have an increased reservoir of magic. (+10% MP)
You shall have no god before yourself.
Your divine heritage dramatically boosts your attributes as you level up.


   Skills:
 - Level 1.7 Fighting
 - Level 3.6 Slings
 - Level 1.7 Dodging
 - Level 0.8 Stealth
 + Level 2.6 Spellcasting


You had 7 spell levels left.
You didn't know any spells.
Your spell library was empty.

Inventory:

Hand Weapons
 a - a +2 hunting sling (weapon) {sling}
 e - a +1 dagger of speed {short}
   (You took it off a kobold on level 1 of the Dungeon)
Missiles
 f - 72 stones {throwing}
 g - 2 poisoned darts {throwing}
Armour
 b - a +0 leather armour (worn)
 d - a +0 cloak (worn)
   (You found it on level 1 of the Dungeon)
Scrolls
 c - a scroll of immolation {!r!r}
Potions
 h - a potion of haste {@q3}
 j - a potion of attraction {unknown}
 k - a potion of resistance {unknown}

Dungeon Overview and Level Annotations

Branches:
Dungeon (3/15)

Shops:
D:1 ?

Annotations:
D:3 Grinder

#.# ##.....##
###.# #.....#
....#
#.....#########
.####
#.........(....
....#
#######........
..#+###
#........
.......#
#........
.......#
#5.......
.......#
#@.....##
........
...............
#.######
#######......##
#.# #......#
#.# #......#
#+# #........
#........
#........


You could see Grinder.


Message History

Grinder gestures at you. Pain shoots through your body!
You shoot a sling bullet. The sling bullet hits Grinder.
Grinder gestures at you.
You suddenly lose the ability to move!
Grinder hits you.
You writhe in agony.
Grinder blinks!
Grinder blinks!
You can move again.
You are too injured to fight recklessly!
You are too injured to fight recklessly! 😕 HP[-7]
You take 7 damage, and now have 22/29 hp.
MASSIVE DAMAGE!! (PAUSE) Unknown command.
Unknown command.
Grinder is nearby!
Grinder is nearby!
Grinder is nearby!
Grinder is nearby!
Grinder is nearby!
Fire: a) +2 hunting sling {sling}
Press: ? - help, Q - select action, (/) - cycle Shift-Dir - straight line, f/p - Grinder
Aim: Grinder, carrying a wand of digging (7) (lightly wounded, 57% to hit)
You shoot a sling bullet.
The sling bullet closely misses Grinder.
Grinder blinks!
Fire: a) +2 hunting sling {sling}
Press: ? - help, Q - select action, (/) - cycle Shift-Dir - straight line, f - you That would be overly suicidal.
Okay, then.
Fire: a) +2 hunting sling {sling}
Press: ? - help, Q - select action, (/) - cycle Shift-Dir - straight line, f - you That would be overly suicidal.
Okay, then.
Unknown command.
Grinder is nearby!
Grinder is nearby!
Grinder is nearby!
Fire: a) +2 hunting sling {sling}
Press: ? - help, Q - select action, (/) - cycle Shift-Dir - straight line, f - Grinder
Aim: Grinder, carrying a wand of digging (7) (lightly wounded, 57% to hit)
You shoot a sling bullet. The sling bullet hits Grinder.
Grinder gestures at you.
You resist with significant effort. 😕 HP[+1] Fire: a) +2 hunting sling {sling}
Press: ? - help, Q - select action, (/) - cycle Shift-Dir - straight line, f/p - Grinder
Aim: Grinder, carrying a wand of digging (7) (moderately wounded, 57% to hit)
You shoot a sling bullet. The sling bullet hits Grinder.
Grinder blinks!
Fire: a) +2 hunting sling {sling}
Press: ? - help, Q - select action, (/) - cycle Shift-Dir - straight line, f/p - Grinder
Aim: Grinder, carrying a wand of digging (7) (moderately wounded, 57% to hit)
You shoot a sling bullet.
The sling bullet hits Grinder but does no damage.
Grinder gestures at you. Pain shoots through your body! 😮 HP[-6]
You take 6 damage, and now have 17/29 hp.
MASSIVE DAMAGE!! (PAUSE) Fire: a) +2 hunting sling {sling}
Press: ? - help, Q - select action, (/) - cycle Shift-Dir - straight line, f/p - Grinder
Aim: Grinder, carrying a wand of digging (7) (moderately wounded, 57% to hit)
You shoot a sling bullet.
The sling bullet hits Grinder but does no damage.
Grinder blinks!
You aren't carrying any items that you can evoke.
Fire: a) +2 hunting sling {sling}
Press: ? - help, Q - select action, (/) - cycle Shift-Dir - straight line, f/p - Grinder
Aim: Grinder, carrying a wand of digging (7) (moderately wounded, 57% to hit)
You shoot a sling bullet.
The sling bullet closely misses Grinder.
Fire: a) +2 hunting sling {sling}
Press: ? - help, Q - select action, (/) - cycle Shift-Dir - straight line, f/p - Grinder
Aim: Grinder, carrying a wand of digging (7) (moderately wounded, 57% to hit)
You shoot a sling bullet. The sling bullet barely misses Grinder.
Grinder blinks!
Grinder gestures at you. Pain shoots through your body!
* * * LOW HITPOINT WARNING * * *
😨 HP[-9]
You take 9 damage, and now have 8/29 hp.
MASSIVE DAMAGE!! (PAUSE) Fire: a) +2 hunting sling {sling}
Press: ? - help, Q - select action, (/) - cycle Shift-Dir - straight line, f/p - Grinder
Aim: Grinder, carrying a wand of digging (7) (moderately wounded, 57% to hit)
You shoot a sling bullet. The sling bullet hits Grinder!
Throw: throwing net {=f!fthrowing}
Press: ? - help, Shift-Dir - straight line, f/p - Grinder
Aim: Grinder, carrying a wand of digging (7) (heavily wounded, 57% to hit)
You throw a throwing net {=f!fthrowing}.
The throwing net {=f!fthrowing} completely misses Grinder.
Grinder gestures at you.
You suddenly lose the ability to move!
Grinder barely misses you. Grinder hits you!
* * * LOW HITPOINT WARNING * * *
You writhe in agony.
You die...

Skill      XL: |  1  2 |
---------------+-------+-----
Spellcasting   | 1 2 |  2.6
Fighting       | |  1.7
Slings         | |  3.6
Dodging        | |  1.7
Stealth        | |  0.8

Action                   || total
-------------------------++-------
 Fire: Hunting sling     ||    92
Throw: Throwing net      ||     1
  Use: Potion            ||     2
       Scroll            ||     4
Armor: Leather armour    ||     5
Dodge: Dodged            ||    23

Levels and vault maps discovered:
D:1:      minmay_arrival_stair_chambers, layout_basic,
          dreamdust_ecumenical_altar_sealed_demon, serial_shops,
          nicolae_diamond_shop
D:2:      layout_basic, uniq_crazy_yiuf_cottage
D:3:      layout_basic, nicolae_qazlal_general_emergency, serial_bayou,
          serial_bayou_pond_b, serial_bayou_pond_e, serial_bayou_shore_b,
          serial_bayou_shore_b, uniq_grinder

Notes
Turn   | Place    | Note
-------+----------+-------------------------------------------
     0 | D:1      | spaghetti the Demigod Hunter began the quest for the Orb.
     0 | D:1      | Reached XP level 1. HP: 17/17 MP: 3/3
     0 | D:1      | magus.rc [v1.9.6]
   121 | D:1      | Reached skill level 1 in Spellcasting
   290 | D:1      | Found Votuwniecs's Magic Scroll Shop.
   376 | D:1      | Reached XP level 2. HP: 20/24 MP: 6/6
   878 | D:1      | Reached skill level 2 in Spellcasting
  1194 | D:2      | Reached XP level 3. HP: 29/29 MP: 9/9
  1362 | D:1      | Bought a scroll of enchant weapon for 97 gold pieces
  1603 | D:3      | Noticed Grinder
  1607 | D:3      | Paralysed by Grinder for 7 turns
  1626 | D:3      | Paralysed by Grinder for 5 turns
  1630 | D:3      | HP: 2/29 [Grinder (7)]
  1630 | D:3      | Slain by Grinder

Vanquished Creatures
  An adder (D:2)
  A worm (D:2)
  2 dart slugs
  3 ball pythons
  3 bats (D:1)
  3 endoplasms
  3 giant cockroaches
  3 goblins
  4 hobgoblins (D:1)
  2 quokkas
  A kobold (D:1)
  4 rats
30 creatures vanquished.

Table legend:
 A = Non-vault XP
 B = Vault XP
 C = Vault XP percentage of total XP
 D = Non-vault monster count
 E = Vault monster count
 F = Vault count percentage of total count
                 A         B        C        D         E       F
            +---------+---------+-------+---------+---------+-------
      Total |      71 |       0 |   0.0 |      30 |       0 |   0.0
            +---------+---------+-------+---------+---------+-------
        D:1 |      32 |       0 |   0.0 |      17 |       0 |   0.0
        D:2 |      36 |       0 |   0.0 |      11 |       0 |   0.0
        D:3 |       3 |       0 |   0.0 |       2 |       0 |   0.0
            +---------+---------+-------+---------+---------+-------

Illustrated notes

Table legend:
 A = Kills in this place as a percentage of kills in entire the game.
 B = Kills by you in this place as a percentage of kills by you in the entire game.
 C = Kills by friends in this place as a percentage of kills by friends in the entire game.
 D = Other kills in this place as a percentage of other kills in the entire game.
 E = Experience gained in this place as a percentage of experience gained in the entire game.
 F = Experience gained in this place divided by the number of levels of this place that you have seen.
                   A       B       C       D       E      F
               +-------+-------+-------+-------+-------+----------------------
         Total | 100.0 | 100.0 |   N/A |   N/A | 100.0 |  23.7
       Dungeon | 100.0 | 100.0 |   N/A |   N/A | 100.0 |  23.7
               +-------+-------+-------+-------+-------+----------------------

Table legend: (Time is in decaauts)
 A = Elapsed time spent in this place.
 B = Non-inter-level travel time spent in this place.
 C = Inter-level travel time spent in this place.
 D = Time resting spent in this place.
 E = Time spent auto-exploring this place.
 F = Levels seen in this place.
 G = Mean time per level.
                   A        B        C        D        E       F      G
               +--------+--------+--------+--------+--------+-----+--------+
         Total |   1664 |   1504 |    160 |      0 |   1311 |   3 |  554.7 |
       Dungeon |   1664 |   1504 |    160 |      0 |   1311 |   3 |  554.7 |
               +--------+--------+--------+--------+--------+-----+--------+

Top non-repeatable levels by time:
     D:1: 1213 daAuts
     D:2: 380 daAuts
     D:3: 70 daAuts
